 Dungeon Crawl Stone Soup version 0.31.0-9-g3a7656b989 (webtiles) character file.

Game seed: 15997421254206909617

637 qw the Ducker (level 7, 0/35 HPs)
             Began as a Spriggan Hunter on Feb 2, 2024.
             Was an Initiate of Okawaru.
             Slain by a black bear (8 damage)
             ... on level 5 of the Dungeon.
             The game lasted 00:00:15 (3615 turns).

qw the Ducker (Spriggan Hunter)                     Turns: 3615, Time: 00:00:15

Health: 0/35       AC:  2    Str: 13    XL:     7   Next: 25%
Magic:  8/8        EV: 28    Int: 10    God:    Okawaru [......]
Gold:   257        SH:  0    Dex: 21    Spells: 6/6 levels left

rFire   . . .        a - +0 shortbow
rCold   . . .        (shield currently unavailable)
rNeg    . . .        c - +0 robe
rPois   .            (helmet restricted)
rElec   .            (no cloak)
rCorr   .            (gloves unavailable)
SInv    +            (boots unavailable)
Will    +....        l - amulet of faith
Stlth   ++           m - +5 ring of evasion
HPRegen 0.25/turn    e - +6 ring of strength
MPRegen 0.11/turn

%: faith
@: very quick
A: very small, no large weapons, unfitting armour, see invisible, speed 3
a: Renounce Religion


You were on level 5 of the Dungeon.
You worshipped Okawaru.
Okawaru was noncommittal.
You visited 2 branches of the dungeon, and saw 6 of its levels.

You collected 257 gold pieces.


Innate Abilities, Weirdness & Mutations

You are very small and have problems with some larger weapons.
You are too small for most types of armour.
You have supernaturally acute eyesight. (SInv)
You cover ground extremely quickly. (Speed+++)


   Skills:
 - Level 2.0 Fighting
 + Level 6.9 Ranged Weapons
 - Level 7.4 Dodging
 - Level 1.5 Stealth


You had 6 spell levels left.
You didn't know any spells.
Your spell library was empty.

Inventory:

Hand Weapons
 a - a +0 shortbow (weapon)
Armour
 c - a +0 robe (worn)
Jewellery
 e - a +6 ring of strength (right hand)
 l - an amulet of faith (around neck)
 m - a +5 ring of evasion (left hand)
Wands
 b - a wand of mindburst (10)
Potions
 d - 2 potions of cancellation
 f - 2 potions of enlightenment
 g - a potion of mutation
 h - a potion of might
 o - a potion of lignification {unknown}
 p - a potion of heal wounds {unknown}
 q - a potion of haste {unknown}

Dungeon Overview and Level Annotations

Branches:
Dungeon (5/15)             Temple (1/1) D:4

Altars:
Ashenzari
Fedhas
Hepliaklqana
Nemelex Xobeh
Okawaru
Qazlal
Sif Muna
Trog
Xom
Yredelemnul


Message History

You blow up the steam dragon!
Okawaru is honoured by your kill.
The steam dragon scales are intact enough to wear.
You have reached level 7!
A hound comes into view.
You shoot an arrow. The arrow closely misses the hound.
The hound barks!
You hear a bark!
A black bear comes into view.
You shoot an arrow. The arrow hits the hound!
The hound is heavily wounded.
You shoot an arrow. The arrow completely misses the hound.
You shoot an arrow. The arrow hits the hound!
You kill the hound!
Okawaru accepts your kill.
You shoot an arrow. The arrow hits the black bear!
The black bear is moderately wounded.
You shoot an arrow. The arrow barely misses the black bear.
You shoot an arrow. The arrow barely misses the black bear.
You shoot an arrow. The arrow hits the black bear.
The black bear is heavily wounded.
The black bear closely misses you. The black bear completely misses you.
The black bear claws you. The black bear bites you!
The black bear completely misses you. The black bear misses you.
You shoot an arrow. The arrow barely misses the black bear.
The black bear completely misses you. The black bear claws you.
The black bear misses you.
You shoot an arrow.
The arrow closely misses the black bear.
The black bear bites you! The black bear claws you.
The black bear completely misses you.
You shoot an arrow. The arrow barely misses the black bear.
The black bear completely misses you. The black bear claws you. x2
You shoot an arrow. The arrow hits the black bear.
The black bear is heavily wounded.
The black bear closely misses you. x2; The black bear claws you.
You shoot an arrow.
The arrow closely misses the black bear.
The black bear bites you!
You die...

..#.............#
...............
##.............#
#..............#
##..............###
#..................
#......#......#### . .
#..<%.###.....#.##.>..
###....#.....#@.......
###........#%h......
##...##...........
##..##.#.#.......
#..##.#.###.....
#..##...# .####
#..###### . #..# .#
#...


You could see a black bear.

Vanquished Creatures
  Grinder (D:4)
  A steam dragon (D:5)
  A phantom (D:4)
  A bombardier beetle (D:4)
  2 hounds (D:5)
  A jelly (D:4)
  3 adders
  2 gnolls (D:2)
  2 ufetubi (D:4)
  A ribbon worm (D:2)
  3 dart slugs
  2 bats
  6 endoplasms
  2 giant cockroaches
  2 goblins
  3 hobgoblins
  3 jackals (D:1)
  4 kobolds
  2 quokkas
  8 ball pythons
  2 frilled lizards (D:1)
  A rat (D:1)
53 creatures vanquished.

Notes
Turn   | Place    | Note
-------+----------+-------------------------------------------
     0 | D:1      | qw the Spriggan Hunter began the quest for the Orb.
     0 | D:1      | Reached XP level 1. HP: 10/10 MP: 2/2
     0 | D:1      | 0 ||| qw: Version: 0.3-a-155-g5e7d8dd
     0 | D:1      | 0 ||| qw: Game counter: 2566
     0 | D:1      | 0 ||| qw: Melee chars always use a shield: true
     0 | D:1      | 0 ||| qw: God list: Okawaru
     0 | D:1      | 0 ||| qw: Allow faded altars: false
     0 | D:1      | 0 ||| qw: Do Orc after clearing Dungeon:15 true
     0 | D:1      | 0 ||| qw: Do second Lair branch before Depths: true
     0 | D:1      | 0 ||| qw: Lair rune preference: random
     0 | D:1      | 0 ||| qw: Goals: Normal
     0 | D:1      | 0 ||| PLANNING D:1-11
   145 | D:1      | Reached skill level 3 in Dodging
   301 | D:1      | Reached XP level 2. HP: 14/14 MP: 3/3
   358 | D:1      | Reached skill level 4 in Dodging
   755 | D:1      | 755 ||| UPGRADING to amulet of faith.
   760 | D:1      | 760 ||| DROPPING ring of flight.
   761 | D:1      | 761 ||| UPGRADING to ring of resist corrosion.
   762 | D:1      | 762 ||| DROPPING ring of magical power.
   763 | D:1      | 763 ||| READING 2 scrolls labelled OGAEPP YXZAR.
   764 | D:1      | 764 ||| READING scroll labelled DIWEYL XI GAHU.
   765 | D:1      | 765 ||| READING 2 scrolls labelled IMUSAJ CUYXT.
   765 | D:1      | 765 ||| IDENTIFYING fizzy green potion
   766 | D:1      | 766 ||| READING scroll of identify.
   766 | D:1      | 766 ||| IDENTIFYING fizzy ruby potion
   767 | D:1      | 767 ||| READING scroll labelled WOGRIHIYRO.
   767 | D:1      | 767 ||| ENCHANTING +0 shortbow.
   768 | D:1      | 768 ||| DROPPING scroll of butterflies.
   769 | D:1      | 769 ||| DROPPING potion of degeneration.
   770 | D:1      | 770 ||| DROPPING scroll of immolation.
   772 | D:1      | 772 ||| Stepping ~*~*~tactically~*~*~ (cloud).
   773 | D:1      | 773 ||| DRINKING potion of curing.
   773 | D:1      | 773 ||| (to cure poison)
   775 | D:1      | 775 ||| Stepping ~*~*~tactically~*~*~ (cloud).
   781 | D:1      | HP: 3/14 [poisoned by you (poison gas)]
  1180 | D:2      | Reached XP level 3. HP: 18/18 MP: 4/4
  1490 | D:2      | 1490 ||| DROPPING amulet of magic regeneration.
  1491 | D:2      | 1491 ||| READING scroll labelled KOITHI WUXA.
  1592 | D:2      | 1592 ||| DRINKING 2 inky potions.
  1593 | D:2      | 1593 ||| DRINKING 2 fuming coppery potions.
  1594 | D:2      | 1594 ||| DROPPING potion of attraction.
  1942 | D:3      | Reached XP level 4. HP: 16/22 MP: 5/5
  1943 | D:3      | 1943 ||| FLEEEEING.
  1944 | D:3      | 1944 ||| FLEEEEING.
  1947 | D:3      | 1947 ||| FLEEEEING.
  1948 | D:3      | 1948 ||| FLEEEEING.
  1949 | D:3      | 1949 ||| FLEEEEING.
  1950 | D:3      | 1950 ||| FLEEEEING.
  1951 | D:3      | 1951 ||| FLEEEEING.
  1952 | D:3      | 1952 ||| FLEEEEING.
  1953 | D:3      | 1953 ||| FLEEEEING.
  1954 | D:3      | 1954 ||| FLEEEEING.
  1959 | D:3      | 1959 ||| FLEEEEING.
  1960 | D:3      | 1960 ||| FLEEEEING.
  1961 | D:3      | 1961 ||| FLEEEEING.
  1962 | D:3      | 1962 ||| FLEEEEING.
  1963 | D:3      | 1963 ||| FLEEEEING.
  1964 | D:3      | 1964 ||| FLEEEEING.
  1965 | D:3      | 1965 ||| FLEEEEING.
  1967 | D:3      | 1967 ||| FLEEEEING.
  1968 | D:3      | 1968 ||| FLEEEEING.
  1969 | D:3      | 1969 ||| FLEEEEING.
  1970 | D:3      | 1970 ||| FLEEEEING.
  1971 | D:3      | 1971 ||| FLEEEEING.
  1972 | D:3      | 1972 ||| FLEEEEING.
  1973 | D:3      | 1973 ||| FLEEEEING.
  1974 | D:3      | 1974 ||| FLEEEEING.
  1975 | D:3      | 1975 ||| FLEEEEING.
  1976 | D:3      | 1976 ||| FLEEEEING.
  1977 | D:3      | 1977 ||| FLEEEEING.
  1978 | D:3      | 1978 ||| FLEEEEING.
  1979 | D:3      | 1979 ||| FLEEEEING.
  1980 | D:3      | 1980 ||| FLEEEEING.
  1981 | D:3      | 1981 ||| FLEEEEING.
  1982 | D:3      | 1982 ||| FLEEEEING.
  2355 | D:3      | 2355 ||| UPGRADING to +6 ring of strength.
  2356 | D:3      | 2356 ||| READING scroll of identify.
  2356 | D:3      | 2356 ||| IDENTIFYING bubbling grey potion
  2378 | D:4      | Noticed Grinder
  2381 | D:4      | 2381 ||| FLEEEEING.
  2382 | D:4      | 2382 ||| FLEEEEING.
  2383 | D:4      | 2383 ||| FLEEEEING.
  2384 | D:4      | 2384 ||| FLEEEEING.
  2385 | D:4      | 2385 ||| STAIRDANCE
  2434 | D:4      | 2434 ||| STAIRDANCE
  2483 | D:4      | Paralysed by Grinder for 4 turns
  2491 | D:4      | 2491 ||| FLEEEEING.
  2491 | D:4      | Paralysed by Grinder for 2 turns
  2494 | D:4      | 2494 ||| FLEEEEING.
  2495 | D:4      | 2495 ||| FLEEEEING.
  2496 | D:4      | 2496 ||| FLEEEEING.
  2497 | D:4      | 2497 ||| FLEEEEING.
  2499 | D:4      | 2499 ||| FLEEEEING.
  2500 | D:4      | 2500 ||| FLEEEEING.
  2501 | D:4      | 2501 ||| STAIRDANCE
  2549 | D:4      | 2549 ||| STAIRDANCE
  2610 | D:4      | Killed Grinder
  2611 | D:4      | Reached skill level 7 in Dodging
  2611 | D:4      | Reached XP level 5. HP: 25/25 MP: 6/6
  2611 | D:4      | Reached XP level 6. HP: 30/30 MP: 7/7
  2994 | D:4      | Found a staircase to the Ecumenical Temple.
  2995 | D:4      | 2995 ||| PLANNING TEMPLE
  2995 | D:4      | 2995 ||| UPGRADING to +5 ring of evasion.
  2997 | D:4      | 2997 ||| DROPPING ring of resist corrosion.
  2998 | D:4      | 2998 ||| READING 4 scrolls of identify.
  2998 | D:4      | 2998 ||| IDENTIFYING fuming yellow potion
  2999 | D:4      | 2999 ||| READING 3 scrolls of identify.
  2999 | D:4      | 2999 ||| IDENTIFYING fuming brown potion
  3000 | D:4      | 3000 ||| READING 2 scrolls of identify.
  3000 | D:4      | 3000 ||| IDENTIFYING clear potion
  3001 | D:4      | 3001 ||| READING scroll of identify.
  3001 | D:4      | 3001 ||| IDENTIFYING puce potion
  3002 | D:4      | 3002 ||| READING scroll labelled CEBORYLO GAFID.
  3003 | D:4      | 3003 ||| READING scroll labelled CONGIE ATHY.
  3007 | D:4      | 3007 ||| DROPPING potion of ambrosia.
  3008 | D:4      | 3008 ||| DROPPING potion of brilliance.
  3041 | Temple   | Entered the Ecumenical Temple
  3042 | Temple   | 3042 ||| PLANNING OKAWARU WORSHIP
  3050 | Temple   | Became a worshipper of Warmaster Okawaru
  3051 | Temple   | 3051 ||| PLANNING D:1-11
  3474 | D:5      | Entered Level 5 of the Dungeon
  3477 | D:5      | 3477 ||| STAIRDANCE
  3483 | D:5      | 3483 ||| STAIRDANCE
  3560 | D:5      | 3560 ||| STAIRDANCE
  3576 | D:5      | Reached skill level 6 in Ranged Weapons
  3593 | D:5      | Noticed a steam dragon
  3594 | D:5      | 3594 ||| ZAPPING wand of mindburst (13) at 7,2 (steam
                  | dragon; floor).
  3595 | D:5      | 3595 ||| ZAPPING wand of mindburst (12) at 6,1 (steam
                  | dragon; floor).
  3596 | D:5      | 3596 ||| Stepping ~*~*~tactically~*~*~ (cloud).
  3597 | D:5      | 3597 ||| Stepping ~*~*~tactically~*~*~ (cloud).
  3600 | D:5      | 3600 ||| ZAPPING wand of mindburst (11) at 3,2 (steam
                  | dragon; floor).
  3600 | D:5      | Killed a steam dragon
  3601 | D:5      | Reached XP level 7. HP: 35/35 MP: 8/8
  3614 | D:5      | HP: 8/35 [black bear (1)]
  3615 | D:5      | Slain by a black bear

Levels and vault maps discovered:
D:1:      dpeg_arrival_central, layout_basic
D:2:      layout_loops_ring
D:3:      layout_loops_ring
D:4:      layout_basic, temple_pool_b, uniq_grinder
D:5:      layout_cave_pools, minitemple, chequers_jeans
Temple:   hellmonk_temple_flake

Skill      XL: |  1  2  3  4  5  6 |
---------------+-------------------+-----
Dodging        | 3 4 7 |  7.4
Ranged Weapons | 5 6 |  6.9
Fighting       | 2 |  2.0
Stealth        | |  1.5

Action                     |  1- 3 |  4- 6 |  7- 9 || total
---------------------------+-------+-------+-------++-------
   Fire: Shortbow          |   105 |    84 |    13 ||   202
  Evoke: Wand              |       |     3 |       ||     3
    Use: Scroll            |     6 |     7 |       ||    13
         Potion            |     3 |       |       ||     3
 Armour: Robe              |    15 |    13 |     9 ||    37
  Dodge: Dodged            |    47 |    98 |    10 ||   155

Table legend:
 A = Non-vault XP
 B = Vault XP
 C = Vault XP percentage of total XP
 D = Non-vault monster count
 E = Vault monster count
 F = Vault count percentage of total count
                 A         B        C        D         E       F
            +---------+---------+-------+---------+---------+-------
      Total |     633 |     277 |  30.4 |      52 |       1 |   1.9
            +---------+---------+-------+---------+---------+-------
        D:1 |      28 |       0 |   0.0 |      17 |       0 |   0.0
        D:2 |      40 |       0 |   0.0 |       8 |       0 |   0.0
        D:3 |      49 |       0 |   0.0 |      13 |       0 |   0.0
        D:4 |     238 |     277 |  53.8 |      10 |       1 |   9.1
        D:5 |     278 |       0 |   0.0 |       4 |       0 |   0.0
            +---------+---------+-------+---------+---------+-------
